 Dungeon Crawl Stone Soup version 0.31-a0-426-g3a05650e59 (webtiles) character file.

Game seed: 8642621805223381557

910 Jase the Basher (level 7, -1/57 HPs)
             Began as a Minotaur Fighter on May 29, 2023.
             Was a Plaything of Xom.
             Slain by a gnoll
             ... wielding a +0 club
             ... led by a gnoll bouda
              (3 damage)
             ... on level 5 of the Dungeon on July 31, 2023.
             The game lasted 00:06:45 (4063 turns).

Jase the Basher (Minotaur Fighter)                  Turns: 4063, Time: 00:06:46

Health: -1/57      AC:  6    Str: 23    XL:     7   Next: 81%
Magic:  6/6        EV:  9    Int:  5    God:    Xom [..*...]
Gold:   111        SH:  4    Dex:  9    Spells: 6/6 levels left

rFire   . . .        a - +0 flail
rCold   . . .        c - +0 buckler
rNeg    . . .        b - +0 scale mail
rPois   .            (helmet restricted)
rElec   .            i - scarf {shadows}
rCorr   .            (no gloves)
SInv    .            (no boots)
Will    .....        (no amulet) Stlth
                     k - ring of flight
HPRegen 0.29/turn    (no ring)
MPRegen 0.10/turn

%: no passive effects
@: weakened, flying
A: horns 2, retaliatory headbutt
a: Renounce Religion


You were on level 5 of the Dungeon.
You worshipped Xom.
You were a toy of Xom.
You visited 1 branch of the dungeon, and saw 7 of its levels.
You also visited: Sewer.

You collected 221 gold pieces.
You spent 110 gold pieces at shops.

Inventory:

Hand Weapons
 a - a +0 flail (weapon)
Missiles
 q - a curare-tipped dart
 r - 24 poisoned darts
Armour
 b - a +0 scale mail (worn)
 c - a +0 buckler (worn)
 i - a scarf of shadows (worn)
Jewellery
 k - a ring of flight (left hand)
Scrolls
 e - 2 scrolls of summoning {unknown}
 h - 2 scrolls of enchant weapon {unknown}
 l - a scroll of teleportation {unknown}
 m - 5 scrolls of identify {unknown}
 n - a scroll of enchant armour {unknown}
 p - a scroll of revelation {unknown}
 u - a scroll of blinking {unknown}
 w - a scroll of torment {unknown}
 x - a scroll of fear {unknown}
Potions
 d - 2 potions of might
 f - a potion of attraction {unknown}
 g - a potion of mutation {unknown}
 j - 3 potions of curing {unknown}
 o - 2 potions of cancellation {unknown}
 s - 2 potions of heal wounds
 t - 3 potions of lignification {unknown}
 v - a potion of enlightenment


   Skills:
 - Level 3.6 Fighting
 + Level 10.9 Maces & Flails
 - Level 3.6 Armour
 - Level 3.6 Shields


You had 6 spell levels left.
You didn't know any spells.
Your spell library contained the following spells:

 Spells                   Type           Power      Damage    Failure   Level
 Tukima's Dance           Hex            0%         N/A       99%         3
 Passage of Golubria      Tloc           0%         N/A       100%        4
 Yara's Violent Unravell  Hex/Tmut       0%         3d3       100%        5


Dungeon Overview and Level Annotations

Branches:
Dungeon (7/15)              Sewer (visited)
 Temple: D:4-7

Altars:
Xom
Yredelemnul

Shops:
D:6 *

Annotations:
D:2 1 runed translucent door, Crazy Yiuf


Innate Abilities, Weirdness & Mutations

You have a pair of horns on your head.
You reflexively headbutt those who attack you in melee.


Message History

You are too injured to fight recklessly!
You are too injured to fight recklessly!
You hit the gnoll bouda.
The gnoll bouda is heavily wounded.
The gnoll bouda barely misses you. You block the gnoll's attack. x2
The gnoll hits you with a +0 club.
* * * LOW HITPOINT WARNING * * *
You hit the gnoll bouda.
The gnoll bouda is severely wounded.
The gnoll bouda prays to its god.
The gnoll bouda is healed somewhat.
The gnoll closely misses you. x2
You hit the gnoll bouda but do no damage.
The gnoll bouda is heavily wounded.
Xom makes a sudden noise!
You hear a bark!
You hear a shout! x2
The gnoll bouda hits you with a +1 whip of flaming!
* * * LOW HITPOINT WARNING * * *
The gnoll bouda burns you.
* * * LOW HITPOINT WARNING * * *
The gnoll hits you with a +0 club.
* * * LOW HITPOINT WARNING * * *
The gnoll hits you with a +0 club.
* * * LOW HITPOINT WARNING * * *
You block the gnoll's attack.
You closely miss the gnoll bouda.
The gnoll bouda is heavily wounded.
The gnoll bouda mumbles some strange prayers to its god.
The gnoll bouda is healed somewhat.
The gnoll barely misses you. You furiously retaliate!
You headbutt the gnoll! The gnoll closely misses you. You furiously retaliate!
You headbutt the gnoll, but do no damage.
You block the gnoll's attack.
Unknown command.
You barely miss the gnoll bouda.
The gnoll bouda is moderately wounded.
The gnoll bouda gazes fiercely through you!
You feel your attacks grow feeble. You block the gnoll bouda's attack.
The gnoll hits you with a +0 club.
You die...
Xom bursts into laughter!

#... ... .##
#/. ...# (.#
#..##.....
...#
#..g#.....
...##.g.#.....
..#
#....g@g...#
..
##.......###
##.#
##.....###
#..# #......#
##..#
##...#..##
#..#
#...###..#
...## ##..##
#..#
.#..#####..##
#..######
####..##...#
##.......#


You could see a gnoll bouda and 3 gnolls.

Vanquished Creatures
  2 black bears
  A phantom (D:6)
  5 kobold brigands (Sewer)
  Natasha (thrice) (D:2)
  9 adders
  2 gnolls
  3 river rats
  A shadow imp (D:6)
  A white imp (D:6)
  A worm (D:3)
  6 orcs (D:3)
  7 ball pythons
  10 bats
  15 endoplasms
  5 giant cockroaches
  3 goblins (D:1)
  4 hobgoblins
  2 quokkas
  4 frilled lizards
  10 kobolds
  18 rats
112 creatures vanquished.

Notes
Turn   | Place    | Note
-------+----------+-------------------------------------------
     0 | D:1      | Jase the Minotaur Fighter began the quest for the Orb.
     0 | D:1      | Reached XP level 1. HP: 19/19 MP: 0/0
    88 | D:1      | Reached skill level 3 in Maces & Flails
    88 | D:1      | Reached XP level 2. HP: 26/26 MP: 1/1
   186 | D:1      | Reached skill level 4 in Maces & Flails
   393 | D:1      | Reached XP level 3. HP: 30/31 MP: 2/2
  1085 | D:2      | Reached skill level 5 in Maces & Flails
  1137 | D:2      | Noticed Natasha
  1143 | D:2      | Killed Natasha
  1144 | D:2      | Reached XP level 4. HP: 32/39 MP: 3/3
  1152 | D:2      | Noticed Natasha
  1156 | D:2      | Killed Natasha
  1157 | D:2      | Reached skill level 6 in Maces & Flails
  1329 | D:2      | Upgraded the game from 0.31-a0-112-gdf0485fa37 to
                  | 0.31-a0-426-g3a05650e59
  1374 | D:2      | Noticed Natasha
  1379 | D:2      | Killed Natasha
  1380 | D:2      | Reached XP level 5. HP: 39/45 MP: 4/4
  1641 | D:2      | Found a runed translucent door.
  1642 | D:2      | Noticed Crazy Yiuf
  1916 | D:3      | Found a glowing drain.
  1945 | D:3      | Reached skill level 7 in Maces & Flails
  1980 | Sewer    | Entered a sewer
  2112 | Sewer    | Reached XP level 6. HP: 41/51 MP: 5/5
  2215 | Sewer    | Reached skill level 8 in Maces & Flails
  2567 | Sewer    | Reached skill level 9 in Maces & Flails
  2783 | Sewer    | Reached XP level 7. HP: 56/57 MP: 6/6
  3032 | D:3      | Found a basalt altar of Yredelemnul.
  3102 | D:3      | Found a faded altar of an unknown god.
  3117 | D:3      | Prayed at the altar of an unknown god.
  3117 | D:3      | Became a worshipper of Xom of Bloodstained Whimsey
  3371 | D:3      | XOM: silly message
  3399 | D:3      | XOM: silly message
  3539 | D:4      | XOM: divination: magic mapping
  3553 | D:4      | You are sucked into a shaft and drop 3 floors!
  3588 | D:7      | Reached skill level 10 in Maces & Flails
  3638 | D:6      | Found Keovitwi's General Store.
  3645 | D:6      | Bought a potion of heal wounds for 55 gold pieces
  3645 | D:6      | Bought a potion of enlightenment for 55 gold pieces
  3857 | D:5      | Entered Level 5 of the Dungeon
  3902 | D:5      | XOM: enchant monster (bad)
  4061 | D:5      | XOM: noise
  4061 | D:5      | HP: 2/57 [gnoll/+0 club[a gnoll bouda] (1)]
  4063 | D:5      | Slain by a gnoll

Illustrated notes

Levels and vault maps discovered:
D:1:      minmay_arrival_nine_rooms, layout_basic
D:2:      layout_basic, minmay_tree_intersection, guppyfry_early_lair_pool,
          uniq_natasha, uniq_crazy_yiuf_cottage
D:3:      layout_basic, mainiacjoe_overflow_24_doors,
          shapermc_ecumenical_altar_acropolis, portal_sewer_entry_c
D:4:      layout_basic, nicolae_overflow_crystal_walls, marbit_many_paths,
          mainiacjoe_overflow_chevrons, temple_pool_b
D:5:      layout_layer_cave, kiku_gazebo_garden_becter
D:6:      layout_gridville, old_standard_altar,
          mainiacjoe_overflow_tiny_flanked, serial_shops,
          nicolae_shop_just_a_little_nook, centaur_isle
D:7:      layout_loops_corners, kennysheep_boxes

Skill      XL: |  1  2  3  4  5  6  7 |
---------------+----------------------+-----
Maces & Flails | 3 4 5 6 7 9 10 | 10.9
Fighting       | |  3.6
Armour         | |  3.6
Shields        | |  3.6

Action                     |  1- 3 |  4- 6 |  7- 9 || total
---------------------------+-------+-------+-------++-------
  Melee: Flail             |    67 |   146 |    68 ||   281
         Headbutt          |     9 |    19 |    11 ||    39
 Armour: Scale mail        |    35 |    45 |    10 ||    90
  Dodge: Dodged            |    30 |    49 |    23 ||   102
  Block: Buckler           |    20 |    15 |    12 ||    47

Table legend: (Time is in decaauts)
 A = Elapsed time spent in this place.
 B = Non-inter-level travel time spent in this place.
 C = Inter-level travel time spent in this place.
 D = Time resting spent in this place.
 E = Time spent auto-exploring this place.
 F = Levels seen in this place.
 G = Mean time per level.
                   A        B        C        D        E       F      G
               +--------+--------+--------+--------+--------+-----+--------+
         Total |   4084 |   3978 |    106 |    312 |   2990 |   8 |  510.5 |
       Dungeon |   3092 |   2986 |    106 |    131 |   2375 |   7 |  441.7 |
         Sewer |    991 |    991 |      0 |    181 |    615 |   1 |  991.0 |
               +--------+--------+--------+--------+--------+-----+--------+

Top non-repeatable levels by time:
   Sewer: 991 daAuts
     D:2: 975 daAuts
     D:1: 928 daAuts
     D:3: 591 daAuts
     D:6: 217 daAuts
     D:5: 204 daAuts
     D:4: 90 daAuts
     D:7: 84 daAuts
